 Dungeon Crawl Stone Soup version 0.31-a0-236-g9a0961fb85 (webtiles) character file.

Game seed: 7615273833006048566

31 qw the Shooter (level 3, -1/30 HPs)
             Began as a Minotaur Hexslinger on July 10, 2023.
             Slain by Sigmund
             ... wielding a +0 scythe
              (7 damage)
             ... on level 2 of the Dungeon.
             The game lasted 00:00:18 (1102 turns).

qw the Shooter (Minotaur Hexslinger)                Turns: 1102, Time: 00:00:18

Health: -1/30      AC:  6    Str: 12    XL:     3   Next: 7%
Magic:  3/3        EV: 11    Int: 13    God:
Gold:   25         SH:  0    Dex: 14    Spells: 3/4 levels left

rFire   . . .        c - +6 orcbow of Red Wine {heavy, Int+3}
rCold   . . .        (shield currently unavailable)
rNeg    . . .        e - +0 ring mail
rPois   .            (helmet restricted)
rElec   .            (no cloak)
rCorr   .            h - +0 pair of gloves
SInv    .            (no boots)
Will    .....        (no amulet) Stlth
                     (no ring)
HPRegen 0.25/turn    (no ring)
MPRegen 0.08/turn

%: no passive effects
@: confused
A: horns 2, retaliatory headbutt
a: no special abilities


You were on level 2 of the Dungeon.
You visited 1 branch of the dungeon, and saw 2 of its levels.

You collected 25 gold pieces.


Innate Abilities, Weirdness & Mutations

You have a pair of horns on your head.
You reflexively headbutt those who attack you in melee.


   Skills:
 - Level 2.6 Fighting
 + Level 3.2 Ranged Weapons
 - Level 2.1 Dodging
 - Level 1.0 Spellcasting
 - Level 2.0 Hexes


You had 3 spell levels left.
You knew the following spells:

 Your Spells              Type           Power      Damage    Failure   Level
a - Slow                  Hex            20%        N/A       28%         1

Your spell library contained the following spells:

 Spells                   Type           Power      Damage    Failure   Level
 Inner Flame              Hex/Fire       3%         N/A       77%         3
 Portal Projectile        Hex/Tloc       6%         N/A       77%         3
 Cause Fear               Hex            2%         N/A       95%         4

Inventory:

Hand Weapons
 c - the +6 orcbow of Red Wine (weapon) {heavy, Int+3}
   (You acquired it on level 1 of the Dungeon)

   Int:       It affects your intelligence (+3).
Armour
 e - a +0 ring mail (worn)
 h - a +0 pair of gloves (worn)
Jewellery
 d - a ring of flight
Scrolls
 a - a scroll of identify
Potions
 b - a potion of berserk rage {unknown}
 i - a potion of mutation {unknown}

Dungeon Overview and Level Annotations

Branches:
Dungeon (2/15)

Altars:

Annotations:
D:2 Sigmund


Message History

A bat comes into view.
You shoot an arrow. The arrow hits the bat!!
You kill the bat!
A goblin comes into view. It is wielding a +0 club.
The goblin shouts!
You shoot an arrow. The arrow hits the goblin!!
You kill the goblin!
Sigmund the Dreaded comes into view.
He is wielding a +0 scythe.
Sigmund shouts!
Sigmund barely misses you.
You shoot an arrow. The arrow barely misses Sigmund.
Sigmund points at you and mumbles some strange words.
You resist with significant effort.
You shoot an arrow. The arrow closely misses Sigmund.
Sigmund casts a spell at you. The magic dart hits you.
Sigmund hits you but does no damage.
You shoot an arrow. The arrow closely misses Sigmund.
Sigmund closely misses you. Sigmund gestures at you while chanting.
The magic dart hits you!
You shoot an arrow. The arrow hits Sigmund!!
Sigmund is severely wounded.
Sigmund screams, "Die, monster!"
Sigmund hits you from afar with a +0 scythe.
You shoot an arrow. The arrow hits Sigmund.
Sigmund is almost dead.
Sigmund gestures wildly while chanting.
Sigmund flickers and vanishes!
Deactivating autopickup; reactivate with Ctrl-A.
A magic dart appears from out of thin air!
The magic dart hits you.
You hear some strange, mumbled words.
You are confused.
You shoot an arrow. Something hits you!
You shoot an arrow.
You hear some strange, mumbled words.
You are more confused.
Something hits you!
You die...

..#######.## #.....##.#
####.# ##.######.#
.###....########...## #.###
...............#.....####....
#.###...######...........####
######## #.#..%..###.# ..{
#.##...## #.#
#.##.###.#####.####
#.@...........#....
####......####.#### #.######
#.# #.# #.# #.# #.#
#.#########.# #...........#
#############


There were no monsters in sight!

Vanquished Creatures
  A gnoll (D:1)
  2 dart slugs (D:1)
  3 ball pythons
  An endoplasm (D:1)
  3 goblins
  A hobgoblin (D:1)
  3 bats
  A kobold (D:1)
  2 rats (D:1)
17 creatures vanquished.

Notes
Turn   | Place    | Note
-------+----------+-------------------------------------------
     0 | D:1      | qw the Minotaur Hexslinger began the quest for the Orb.
     0 | D:1      | Reached XP level 1. HP: 16/16 MP: 1/1
     0 | D:1      | 0 ||| qw: Version: 0.3-a-52-g30416fa
     0 | D:1      | 0 ||| qw: Game counter: 4873
     0 | D:1      | 0 ||| qw: Melee chars always use a shield: true
     0 | D:1      | 0 ||| qw: God list: Okawaru
     0 | D:1      | 0 ||| qw: Allow faded altars: false
     0 | D:1      | 0 ||| qw: Do Orc after clearing Dungeon:15 true
     0 | D:1      | 0 ||| qw: Do second Lair branch before Depths: true
     0 | D:1      | 0 ||| qw: Lair rune preference: random
     0 | D:1      | 0 ||| qw: Goals: Normal
     0 | D:1      | 0 ||| PLANNING D:1-11
   260 | D:1      | Reached skill level 3 in Ranged Weapons
   260 | D:1      | Reached XP level 2. HP: 23/23 MP: 2/2
   497 | D:1      | 497 ||| FLEEEEING.
   498 | D:1      | 498 ||| FLEEEEING.
   499 | D:1      | 499 ||| FLEEEEING.
   895 | D:1      | 895 ||| UPGRADING to +0 ring mail.
   905 | D:1      | 905 ||| DROPPING +0 robe.
   906 | D:1      | 906 ||| UPGRADING to +0 pair of gloves.
   911 | D:1      | 911 ||| READING 3 scrolls labelled TAIGRO TYLLYS.
   912 | D:1      | 912 ||| READING scroll labelled YQEQYIMOWN.
   913 | D:1      | 913 ||| READING scroll labelled PUOXUGI IZYHA.
   958 | D:1      | 958 ||| READING scroll labelled ZOG SOQOUW.
   958 | D:1      | Identified a scroll of acquirement
   958 | D:1      | 958 ||| ACQUIRING +6 orcbow of Red Wine {heavy, Int+3}
   958 | D:1      | Acquired the +6 orcbow of Red Wine {heavy, Int+3}
   960 | D:1      | 960 ||| SWAPPING to +6 orcbow of Red Wine {heavy, Int+3}.
   961 | D:1      | 961 ||| DROPPING +1 sling.
   962 | D:1      | 962 ||| READING 2 scrolls of identify.
   962 | D:1      | 962 ||| IDENTIFYING metallic dark potion
   963 | D:1      | 963 ||| DROPPING scroll of poison.
   964 | D:1      | 964 ||| DROPPING potion of brilliance.
  1031 | D:2      | Reached XP level 3. HP: 30/30 MP: 3/3
  1095 | D:2      | Noticed Sigmund
  1101 | D:2      | HP: 5/30 [something (8)]
  1102 | D:2      | Slain by Sigmund

Levels and vault maps discovered:
D:1:      dpeg_arrival_long_road, layout_basic, minmay_misc_feat_ornament
D:2:      layout_loops_ring, minmay_misc_feat_iff, uniq_crazy_yiuf_cottage,
          uniq_sigmund

Skill      XL: |  1  2 |
---------------+-------+-----
Ranged Weapons | 3 |  3.2
Fighting       | 2 |  2.6
Dodging        | |  2.1
Spellcasting   | |  1.0
Hexes          | |  2.0

Action                     || total
---------------------------++-------
   Fire: Sling             ||    34
         Orcbow            ||    10
    Use: Scroll            ||     5
 Armour: Robe              ||     2
         Ring mail         ||     1
  Dodge: Dodged            ||     3

Table legend:
 A = Non-vault XP
 B = Vault XP
 C = Vault XP percentage of total XP
 D = Non-vault monster count
 E = Vault monster count
 F = Vault count percentage of total count
                 A         B        C        D         E       F
            +---------+---------+-------+---------+---------+-------
      Total |      45 |       0 |   0.0 |      17 |       0 |   0.0
            +---------+---------+-------+---------+---------+-------
        D:1 |      40 |       0 |   0.0 |      14 |       0 |   0.0
        D:2 |       5 |       0 |   0.0 |       3 |       0 |   0.0
            +---------+---------+-------+---------+---------+-------
